| TOP OF THE 1ST |
|
Toronto Blue Jays batting - Pitching for Baltimore Orioles : RHP Paul Schwartz
|
|
Pitching: RHP Paul Schwartz
|
|
|
Batting: RHB Donny Burnside
|
0-0: Ball 1-0: Swinging Strike 1-1: Swinging Strike 1-2: DOUBLE (Groundball, 5L, EV 104.4 MPH)
|
|
Batting: RHB Danny Burnside
|
0-0: Ball 1-0: Called Strike 1-1: Ball 2-1: Foul Ball, location: 2F 2-2: Foul Ball, location: 2F 2-2: Ball 3-2: Foul Ball, location: 2F 3-2: Base on Balls
|
|
Batting: RHB David Casas
|
0-0: Called Strike 0-1: 3-RUN HOME RUN (Flyball, 78XD, EV 102.5 MPH), Distance : 368 ft
|
|
Batting: SHB Mark Rennie
|
0-0: Ball 1-0: Swinging Strike 1-1: Ground out 4-3 (Groundball, 34D, EV 110.6 MPH)
|
|
Batting: LHB Nate Dean
|
0-0: Called Strike 0-1: Called Strike 0-2: Ball 1-2: Strikes out swinging
|
|
Batting: RHB Kirk Arp
|
0-0: Ball 1-0: Swinging Strike 1-1: Foul Ball, location: 2F 1-2: Ball 2-2: Fly out, F9 (Flyball, 89D, EV 88.8 MPH)
|
| Top of the 1st over - 3 runs, 2 hits, 0 errors, 0 left on base; Toronto 3 - Baltimore 0 |
| BOTTOM OF THE 1ST |
|
Baltimore Orioles batting - Pitching for Toronto Blue Jays : RHP Tony Rios
|
|
Pitching: RHP Tony Rios
|
|
|
Batting: SHB Aldo Questi
|
0-0: Called Strike 0-1: Called Strike 0-2: Ground out 5-3 (Groundball, 5, EV 85.0 MPH)
|
|
Batting: RHB Rudo Garciaparra
|
0-0: Ball 1-0: Ball 2-0: Called Strike 2-1: Ball 3-1: Base on Balls
|
|
Batting: SHB Jason Hayes
|
Pickoff Throw to First - Out! 1-3 0-0: Ball 1-0: Foul Ball, location: 2F 1-1: Fly out, F7 (Flyball, 78D, EV 75.6 MPH)
|
| Bottom of the 1st over - 0 runs, 0 hits, 0 errors, 0 left on base; Toronto 3 - Baltimore 0 |
| TOP OF THE 2ND |
|
Toronto Blue Jays batting - Pitching for Baltimore Orioles : RHP Paul Schwartz
|
|
Batting: SHB Zory Larikov
|
0-0: Called Strike 0-1: Ball 1-1: Fly out, F8 (Flyball, 89M, EV 86.9 MPH)
|
|
Batting: RHB Ruben Velasco
|
0-0: Foul Ball, location: 2F 0-1: Ball 1-1: Ball 2-1: Foul Ball, location: 2F 2-2: Foul Ball, location: 2F 2-2: Foul Ball, location: 2F 2-2: SINGLE (Groundball, 6MD, EV 98.1 MPH)
|
|
Batting: LHB Michael Byrd
|
0-0: Ball 1-0: SINGLE (Groundball, 56D, EV 99.4 MPH) Ruben Velasco to second
|
|
Batting: RHB Donny Burnside
|
0-0: Called Strike 0-1: Ball 1-1: Ball 2-1: Foul Ball, location: 2F 2-2: Ball 3-2: SINGLE (Line Drive, 34, EV 100.0 MPH) Ruben Velasco to third Michael Byrd to second
|
|
Batting: RHB Danny Burnside
|
0-0: Called Strike 0-1: Ball 1-1: Ball 2-1: Called Strike 2-2: SINGLE (Groundball, 34D, EV 94.4 MPH) Ruben Velasco scores Michael Byrd to third Donny Burnside to second
|
|
Batting: RHB David Casas
|
0-0: Foul Ball, location: 2F 0-1: Foul Ball, location: 2F 0-2: Grounds into double play, 6-4-3 (Groundball, 6, EV 105.6 MPH)
|
| Top of the 2nd over - 1 run, 4 hits, 0 errors, 2 left on base; Toronto 4 - Baltimore 0 |
| BOTTOM OF THE 2ND |
|
Baltimore Orioles batting - Pitching for Toronto Blue Jays : RHP Tony Rios
|
|
Batting: RHB Saimei Kudo
|
0-0: Ball 1-0: Foul Ball, location: 2F 1-1: Ball 2-1: SINGLE (Line Drive, 89M, EV 98.1 MPH)
|
|
Batting: LHB Paul Diaz
|
0-0: Ball 1-0: Ball 2-0: Fly out, F7 (Flyball, 7, EV 88.1 MPH)
|
|
Batting: LHB Jesus Lozano
|
0-0: Called Strike 0-1: Called Strike 0-2: Strikes out swinging
|
|
Batting: RHB Blake Ballard
|
0-0: Ball 1-0: Foul Ball, location: 2F 1-1: Foul Ball, location: 2F 1-2: Strikes out swinging
|
| Bottom of the 2nd over - 0 runs, 1 hit, 0 errors, 1 left on base; Toronto 4 - Baltimore 0 |
| TOP OF THE 3RD |
|
Toronto Blue Jays batting - Pitching for Baltimore Orioles : RHP Paul Schwartz
|
|
Batting: SHB Mark Rennie
|
0-0: Called Strike 0-1: Ball 1-1: Fly out, F8 (Flyball, 8RXD, EV 96.9 MPH)
|
|
Batting: LHB Nate Dean
|
0-0: Called Strike 0-1: Ball 1-1: Foul Ball, location: 2F 1-2: Foul Ball, location: 2F 1-2: Ball 2-2: Fly out, F8 (Line Drive, 8RD, EV 85.0 MPH)
|
|
Batting: RHB Kirk Arp
|
0-0: Ball 1-0: Called Strike 1-1: SINGLE (Line Drive, 89S, EV 98.8 MPH)
|
|
Batting: SHB Zory Larikov
|
0-0: Ball 1-0: Swinging Strike 1-1: Swinging Strike 1-2: Foul Ball, location: 2F 1-2: Strikes out swinging
|
| Top of the 3rd over - 0 runs, 1 hit, 0 errors, 1 left on base; Toronto 4 - Baltimore 0 |
| BOTTOM OF THE 3RD |
|
Baltimore Orioles batting - Pitching for Toronto Blue Jays : RHP Tony Rios
|
|
Batting: LHB Gabe Pace
|
0-0: Ball 1-0: Swinging Strike 1-1: Foul Ball, location: 2F 1-2: Foul Ball, location: 2F 1-2: Ball 2-2: Foul Ball, location: 2F 2-2: Foul Ball, location: 2F 2-2: Strikes out swinging
|
|
Batting: SHB Robert Handy
|
0-0: Called Strike 0-1: Ball 1-1: Swinging Strike 1-2: Foul Ball, location: 2F 1-2: Strikes out looking
|
|
Batting: SHB Aldo Questi
|
0-0: Called Strike 0-1: Ball 1-1: Foul Ball, location: 2F 1-2: Ball 2-2: Ball 3-2: Ground out 4-3 (Groundball, 4, EV 83.8 MPH)
|
| Bottom of the 3rd over - 0 runs, 0 hits, 0 errors, 0 left on base; Toronto 4 - Baltimore 0 |
| TOP OF THE 4TH |
|
Toronto Blue Jays batting - Pitching for Baltimore Orioles : RHP Paul Schwartz
|
|
Batting: RHB Ruben Velasco
|
0-0: SOLO HOME RUN (Flyball, 78XD, EV 94.4 MPH), Distance : 377 ft
|
|
Pitching: RHP Jay Rapini
|
|
|
Batting: LHB Michael Byrd
|
0-0: Ball 1-0: Called Strike 1-1: Foul Ball, location: 2F 1-2: Ball 2-2: Foul Ball, location: 2F 2-2: Strikes out swinging
|
|
Batting: RHB Donny Burnside
|
0-0: Called Strike 0-1: Swinging Strike 0-2: Strikes out swinging
|
|
Batting: RHB Danny Burnside
|
0-0: Called Strike 0-1: Ball 1-1: Foul Ball, location: 2F 1-2: Ball 2-2: Ground out 5-3 (Groundball, 56S, EV 73.1 MPH)
|
| Top of the 4th over - 1 run, 1 hit, 0 errors, 0 left on base; Toronto 5 - Baltimore 0 |
| BOTTOM OF THE 4TH |
|
Baltimore Orioles batting - Pitching for Toronto Blue Jays : RHP Tony Rios
|
|
Batting: RHB Rudo Garciaparra
|
0-0: Ball 1-0: Called Strike 1-1: Called Strike 1-2: Strikes out swinging
|
|
Batting: SHB Jason Hayes
|
0-0: Ball 1-0: Foul Ball, location: 2F 1-1: Swinging Strike 1-2: Ball 2-2: Foul Ball, location: 2F 2-2: Strikes out swinging
|
|
Batting: RHB Saimei Kudo
|
0-0: Swinging Strike 0-1: Called Strike 0-2: Ball 1-2: Strikes out swinging
|
| Bottom of the 4th over - 0 runs, 0 hits, 0 errors, 0 left on base; Toronto 5 - Baltimore 0 |
| TOP OF THE 5TH |
|
Toronto Blue Jays batting - Pitching for Baltimore Orioles : RHP Jay Rapini
|
|
Batting: RHB David Casas
|
0-0: Called Strike 0-1: Ball 1-1: Ground out 4-3 (Groundball, 34, EV 107.5 MPH)
|
|
Batting: SHB Mark Rennie
|
0-0: Ball 1-0: Ball 2-0: Swinging Strike 2-1: Foul Ball, location: 2F 2-2: Strikes out swinging
|
|
Batting: LHB Nate Dean
|
0-0: Ball 1-0: Fly out, F7 (Flyball, 7LM, EV 88.8 MPH)
|
| Top of the 5th over - 0 runs, 0 hits, 0 errors, 0 left on base; Toronto 5 - Baltimore 0 |
| BOTTOM OF THE 5TH |
|
Baltimore Orioles batting - Pitching for Toronto Blue Jays : RHP Tony Rios
|
|
Batting: LHB Paul Diaz
|
0-0: Called Strike 0-1: Called Strike 0-2: Ball 1-2: Ball 2-2: Ball 3-2: Foul Ball, location: 2F 3-2: Foul Ball, location: 2F 3-2: Base on Balls
|
|
Batting: LHB Jesus Lozano
|
0-0: Ball 1-0: Ball 2-0: SINGLE (Line Drive, 78S, EV 107.5 MPH) Paul Diaz to second Runner from 2nd tries for 3rd, SAFE, no throw by CF
|
|
Batting: RHB Blake Ballard
|
0-0: Called Strike 0-1: Called Strike 0-2: Ball 1-2: SINGLE (Groundball, 5D, EV 103.1 MPH) Paul Diaz scores Jesus Lozano to second
|
|
Batting: LHB Gabe Pace
|
0-0: Ball 1-0: Swinging Strike 1-1: Foul Ball, location: 2F 1-2: Strikes out swinging
|
|
Batting: SHB Robert Handy
|
0-0: Ball 1-0: Ball 2-0: SINGLE (Groundball, 4D, EV 94.4 MPH) Jesus Lozano to third Blake Ballard to second Runner from 3rd tries for Home, throw by CF and OUT! 8-2
|
|
Batting: SHB Aldo Questi
|
0-0: Foul Ball, location: 2F 0-1: Ball 1-1: Called Strike 1-2: Ball 2-2: Ball 3-2: SINGLE (Groundball, 34D, EV 110.0 MPH) Blake Ballard to third Robert Handy to second Blake Ballard scores Robert Handy to third
|
|
Batting: RHB Rudo Garciaparra
|
0-0: Ball 1-0: Foul Ball, location: 2F 1-1: DOUBLE (Line Drive, 7LD, EV 102.5 MPH) Robert Handy scores Aldo Questi to third Runner from 3rd tries for Home, SAFE, no throw by LF
|
|
Batting: SHB Jason Hayes
|
0-0: Ball 1-0: Called Strike 1-1: Swinging Strike 1-2: Fly out, F7 (Flyball, 7S, EV 82.5 MPH)
|
| Bottom of the 5th over - 4 runs, 5 hits, 0 errors, 1 left on base; Toronto 5 - Baltimore 4 |
| TOP OF THE 6TH |
|
Toronto Blue Jays batting - Pitching for Baltimore Orioles : RHP Jay Rapini
|
|
Batting: RHB Kirk Arp
|
0-0: Hit by Pitch
|
|
Batting: SHB Zory Larikov
|
0-0: Ball 1-0: Ball 2-0: Ball 3-0: Called Strike 3-1: Foul Ball, location: 2F 3-2: Base on Balls Kirk Arp to second
|
|
Batting: RHB Ruben Velasco
|
0-0: Ball 1-0: Called Strike 1-1: Called Strike 1-2: Ball 2-2: Ball 3-2: Foul Ball, location: 2F 3-2: Hit by Pitch Kirk Arp to third Zory Larikov to second
|
|
Batting: LHB Michael Byrd
|
0-0: Called Strike 0-1: Foul Ball, location: 2F 0-2: Foul Ball, location: 2F 0-2: SINGLE (Groundball, 56, EV 107.5 MPH) Kirk Arp scores Zory Larikov to third Ruben Velasco to second
|
|
Batting: RHB Donny Burnside
|
0-0: Fly out, F7 (Line Drive, 7S, EV 103.1 MPH)
|
|
Pitching: LHP Katsumi Omura
|
|
|
Batting: RHB Danny Burnside
|
0-0: Ball 1-0: Foul Ball, location: 2F 1-1: Foul Ball, location: 2F 1-2: Ball 2-2: Ball 3-2: Fly out, F8 (Flyball, 8LM, EV 86.9 MPH)
|
|
Batting: RHB David Casas
|
0-0: Ball 1-0: Called Strike 1-1: Swinging Strike 1-2: Strikes out swinging
|
| Top of the 6th over - 1 run, 1 hit, 0 errors, 3 left on base; Toronto 6 - Baltimore 4 |
| BOTTOM OF THE 6TH |
|
Baltimore Orioles batting - Pitching for Toronto Blue Jays : RHP Tony Rios
|
|
Batting: RHB Saimei Kudo
|
0-0: Called Strike 0-1: Foul Ball, location: 2F 0-2: Strikes out looking
|
|
Batting: LHB Paul Diaz
|
0-0: Ball 1-0: DOUBLE (Flyball, 78XD, EV 96.2 MPH)
|
|
Batting: LHB Jesus Lozano
|
0-0: Ball 1-0: Fly out, F8 (Line Drive, 78M, EV 91.9 MPH)
|
|
Batting: RHB Blake Ballard
|
0-0: Fly out, F8 (Flyball, 8RD, EV 90.6 MPH)
|
| Bottom of the 6th over - 0 runs, 1 hit, 0 errors, 1 left on base; Toronto 6 - Baltimore 4 |
| TOP OF THE 7TH |
|
Toronto Blue Jays batting - Pitching for Baltimore Orioles : LHP Katsumi Omura
|
|
Batting: SHB Mark Rennie
|
0-0: Foul Ball, location: 2F 0-1: Ball 1-1: Ground out 5-3 (Groundball, 56, EV 90.0 MPH)
|
|
Batting: LHB Nate Dean
|
0-0: Called Strike 0-1: Ball 1-1: Ball 2-1: SINGLE (Flyball, 4MD, EV 95.0 MPH)
|
|
Batting: RHB Kirk Arp
|
0-0: Ball 1-0: Called Strike 1-1: Ball 2-1: Foul Ball, location: 2F 2-2: Foul Ball, location: 2F 2-2: Foul Ball, location: 2F 2-2: Foul Ball, location: 2F 2-2: Strikes out swinging
|
|
Batting: SHB Zory Larikov
|
0-0: Ball 1-0: Fielders Choice at 2nd, 6-4 (Groundball, 6, EV 81.9 MPH)
|
| Top of the 7th over - 0 runs, 1 hit, 0 errors, 1 left on base; Toronto 6 - Baltimore 4 |
| BOTTOM OF THE 7TH |
|
Baltimore Orioles batting - Pitching for Toronto Blue Jays : RHP Tony Rios
|
|
Now at 1B: Danny Burnside
|
|
|
Now at SS: Dylan Novakowski
|
|
|
Now in LF: Jon Schick
|
|
|
Batting: LHB Gabe Pace
|
0-0: Ball 1-0: Called Strike 1-1: Ball 2-1: Ball 3-1: Foul Ball, location: 2F 3-2: SINGLE (Line Drive, 89S, EV 86.2 MPH)
|
|
Batting: SHB Robert Handy
|
0-0: Ball 1-0: Called Strike 1-1: Ball 2-1: SINGLE (Line Drive, 9LS, EV 98.8 MPH) Gabe Pace to second Runner from 2nd tries for 3rd, SAFE, no throw by RF
|
|
Pitching: RHP Justin Sedivy
|
|
|
Batting: SHB Aldo Questi
|
0-0: Ball 1-0: Foul Ball, location: 2F 1-1: Fly out, F7 (Flyball, 7D, EV 105.0 MPH) Runner from 3rd tags up, SCORES, no throw by LF
|
|
Batting: RHB Rudo Garciaparra
|
0-0: Foul Ball, location: 2F 0-1: Ball 1-1: Ball 2-1: Fly out, F8 (Flyball, 8RM, EV 97.5 MPH)
|
|
Batting: SHB Jason Hayes
|
0-0: Ball 1-0: Fly out, F5 (Popup, 6S, EV 71.2 MPH)
|
| Bottom of the 7th over - 1 run, 2 hits, 0 errors, 1 left on base; Toronto 6 - Baltimore 5 |
| TOP OF THE 8TH |
|
Toronto Blue Jays batting - Pitching for Baltimore Orioles : LHP Katsumi Omura
|
|
Batting: RHB Ruben Velasco
|
0-0: Ball 1-0: Called Strike 1-1: Swinging Strike 1-2: Ball 2-2: Strikes out swinging
|
|
Batting: LHB Michael Byrd
|
0-0: Swinging Strike 0-1: Fly out, F8 (Flyball, 8LD, EV 83.8 MPH)
|
|
Batting: RHB Donny Burnside
|
0-0: Called Strike 0-1: Ball 1-1: Swinging Strike 1-2: Strikes out swinging
|
| Top of the 8th over - 0 runs, 0 hits, 0 errors, 0 left on base; Toronto 6 - Baltimore 5 |
| BOTTOM OF THE 8TH |
|
Baltimore Orioles batting - Pitching for Toronto Blue Jays : RHP Justin Sedivy
|
|
Batting: RHB Saimei Kudo
|
0-0: Called Strike 0-1: Ball 1-1: Foul Ball, location: 2F 1-2: Foul Ball, location: 2F 1-2: Foul Ball, location: 2F 1-2: Ball 2-2: Ball 3-2: SINGLE (Line Drive, 6D, EV 107.5 MPH)
|
|
Batting: LHB Paul Diaz
|
0-0: Ball 1-0: Ball 2-0: SINGLE (Line Drive, 9S, EV 88.8 MPH) Saimei Kudo to second Runner from 2nd tries for 3rd, OUT! 9-5
|
|
Batting: LHB Jesus Lozano
|
0-0: Ball 1-0: SINGLE (Groundball, 4MS, EV 75.0 MPH) (infield hit) Paul Diaz to second
|
|
Batting: RHB Blake Ballard
|
0-0: Foul Ball, location: 2F 0-1: Foul Ball, location: 2F 0-2: Ball 1-2: Fly out, F9 (Flyball, 9LS, EV 96.2 MPH)
|
|
Batting: LHB Gabe Pace
|
0-0: DOUBLE (Groundball, 3L, EV 106.2 MPH) Paul Diaz scores Jesus Lozano to third Runner from 3rd tries for Home, SAFE, throw by RF to home
|
|
Batting: SHB Robert Handy
|
0-0: Ball 1-0: Swinging Strike 1-1: Ball 2-1: Swinging Strike 2-2: Strikes out swinging
|
| Bottom of the 8th over - 2 runs, 4 hits, 0 errors, 1 left on base; Toronto 6 - Baltimore 7 |
| TOP OF THE 9TH |
|
Toronto Blue Jays batting - Pitching for Baltimore Orioles : LHP Katsumi Omura
|
|
Pitching: RHP Riso Profanter
|
|
|
Now at 2B: Saimei Kudo
|
|
|
Now at 3B: Jesse Basich
|
|
|
Now at SS: Andres Leon
|
|
|
Now in CF: Marc Peckermark
|
|
|
Now in RF: Blake Ballard
|
|
|
Batting: RHB Danny Burnside
|
0-0: Called Strike 0-1: Foul Ball, location: 2F 0-2: Ball 1-2: Foul Ball, location: 2F 1-2: Strikes out swinging
|
|
Batting: LHB Jon Schick
|
0-0: Ball 1-0: Ball 2-0: Called Strike 2-1: Foul Ball, location: 2F 2-2: Strikes out swinging
|
|
Batting: SHB Mark Rennie
|
0-0: Foul Ball, location: 2F 0-1: Ball 1-1: Ball 2-1: Ball 3-1: Called Strike 3-2: Foul Ball, location: 2F 3-2: SINGLE (Groundball, 4MD, EV 105.0 MPH)
|
|
Batting: SHB Dylan Novakowski
|
0-0: Ball 1-0: Ball 2-0: Ball 3-0: Called Strike 3-1: Base on Balls Mark Rennie to second
|
|
Batting: RHB Kirk Arp
|
0-0: Called Strike 0-1: Ball 1-1: DOUBLE (Flyball, 78XD, EV 95.6 MPH) Mark Rennie scores Dylan Novakowski to third Runner from 3rd tries for Home, SAFE, throw by LF to home
|
|
Batting: SHB Zory Larikov
|
0-0: Ball 1-0: Called Strike 1-1: Ball 2-1: Foul Ball, location: 2F 2-2: Strikes out swinging
|
| Top of the 9th over - 2 runs, 2 hits, 0 errors, 1 left on base; Toronto 8 - Baltimore 7 |
| BOTTOM OF THE 9TH |
|
Baltimore Orioles batting - Pitching for Toronto Blue Jays : RHP Justin Sedivy
|
|
Pitching: LHP Spencer Jones
|
|
|
Batting: SHB Aldo Questi
|
0-0: Called Strike 0-1: Ball 1-1: Foul Ball, location: 2F 1-2: Ball 2-2: Foul Ball, location: 2F 2-2: Foul Ball, location: 2F 2-2: Ball 3-2: Foul Ball, location: 2F 3-2: Base on Balls
|
|
Batting: RHB Marc Peckermark
|
0-0: Ball 1-0: Bunted foul 1-1: Sac Bunt to 15 - play at first, batter OUT! 1-3 Aldo Questi to second
|
|
Batting: SHB Jason Hayes
|
0-0: Called Strike 0-1: Called Strike 0-2: Fly out, F8 (Flyball, 89M, EV 75.0 MPH) Runner from 2nd tags up, OUT at 3rd! 8-5
|
| Bottom of the 9th over - 0 runs, 0 hits, 0 errors, 0 left on base; Toronto 8 - Baltimore 7 |
|